 Dungeon Crawl Stone Soup version 0.27-a0-668-gb5737ff2c0 (webtiles) character file.

Game seed: 16904532646391674274

45004 robertstho the Severer (level 13, 0/125 HPs)
             Began as a Minotaur Berserker on Mar 17, 2021.
             Was a High Priest of Trog.
             Slain by a cane toad (7 damage)
             ... while petrified
             ... on level 6 of the Lair of Beasts.
             The game lasted 00:25:15 (20336 turns).

robertstho the Severer (Minotaur Berserker)        Turns: 20336, Time: 00:25:15

Health: 0/125      AC: 23    Str: 29    XL:     13   Next: 99%
Magic:  12/12      EV:  2    Int:  5    God:    Trog [*****.]
Gold:   913        SH:  0    Dex: 10    Spells: 12/12 levels left

rFire    x . .     SeeInvis .   b - +5 executioner's axe
rCold    + . .     Faith    .   (shield currently unavailable)
rNeg     + + +     Spirit   .   h - +0 plate armour
rPois    ∞         Reflect  +   t - +1 hat {Will+}
rElec    .         Harm     .   k - +1 cloak {rPois}
rCorr    .         Rampage  .   E - +0 pair of gloves of Evolution {rPois Str+3}
Will     +++..                  K - +0 pair of boots
Stlth    ..........             D - amulet of reflection
HPRegen  1.30/turn              H - ring of ice
MPRegen  0.13/turn              a - +4 ring of evasion

@: petrified, berserk cooldown, regenerating, slowed, studying Polearms
A: horns 2, retaliatory headbutt
a: Renounce Religion, Berserk, Trog's Hand, Brothers in Arms


You were on level 6 of the Lair of Beasts.
You worshipped Trog.
Trog was extremely pleased with you.
You visited 2 branches of the dungeon, and saw 18 of its levels.
You also visited: Ice Cave.

You collected 913 gold pieces.

Inventory:

Hand Weapons
 b - a +5 executioner's axe (weapon)
 y - a +0 broad axe of electrocution
 J - a +2 antimagic broad axe
 O - the +8 whip "Snakebite" {curare, rPois}
   (You found it on level 4 of the Lair of Beasts)

   It poisons the flesh of those it strikes.
   It protects you from poison.
Armour
 h - a +0 plate armour (worn)
 k - a +1 cloak of poison resistance (worn)
 p - the +1 buckler of Prudence {Str+3}
   (You found it on level 5 of the Dungeon)

   It affects your strength (+3).
 t - a +1 hat of willpower (worn)
 E - the +0 pair of gloves of Evolution (worn) {rPois Str+3}
   (You found it on level 9 of the Dungeon)

   It affects your strength (+3).
   It protects you from poison.
 K - a +0 pair of boots (worn)
Jewellery
 a - a +4 ring of evasion (left hand)
 e - a ring of willpower
 i - a ring of fire
 j - a ring of flight
 v - a ring of ice
 D - an amulet of reflection (around neck)
 F - a ring of fire
 H - a ring of ice (right hand)
 I - an amulet of the acrobat
 N - a ring of wizardry
 R - an amulet of regeneration
Wands
 q - a wand of acid (8)
 M - a wand of iceblast (43)
 P - a wand of digging (14)
Scrolls
 m - a scroll of fear
 n - a scroll of identify
 o - a scroll of vulnerability
 s - a scroll of teleportation
 w - a scroll of enchant armour
 x - a scroll of blinking
 B - 2 scrolls of immolation
 L - a scroll of brand weapon
 S - a scroll of fog
Potions
 c - 11 potions of curing
 d - 3 potions of mutation
 f - 2 potions of cancellation
 g - a potion of heal wounds
 l - 5 potions of lignification
 u - a potion of ambrosia
 z - a potion of flight
 A - a potion of invisibility
 C - 3 potions of haste
 G - a potion of might
 Q - 2 potions of resistance
Miscellaneous
 r - a condenser vane


   Skills:
 * Level 14.6 Fighting
 + Level 16.4(16.7) Axes
 + Level 5.2(12.1) Maces & Flails
 * Level 15.1 Armour
 + Level 4.9 Dodging
 + Level 2.1 Stealth
 + Level 6.8 Shields


You had 12 spell levels left.
You didn't know any spells.
Your spell library was empty.

Dungeon Overview and Level Annotations

Branches:
Dungeon (12/15)            Temple (0/1) D:7            Lair (5/6) D:9
 Shoals (0/4) Lair:4        Snake (0/4) Lair:3          Orc (0/2) D:12
  IceCv (visited)
  Slime: Lair:5-6

Altars:
Dithmenos

Annotations:
D:5 1 runed translucent door


Innate Abilities, Weirdness & Mutations

You have a pair of horns on your head.
You reflexively headbutt those who attack you in melee.


Message History

You completely miss the elephant.
The cane toad is engulfed in calcifying dust. x2
The blink frog blinks!
The elephant is engulfed in calcifying dust.
The elephant stops moving altogether!
You have turned to stone.
The blink frog blinks!
The lindwurm bites you but does no damage.
The lindwurm claws you but does no damage. x2
The elephant is engulfed in calcifying dust.
The lindwurm bites you.
* * * LOW HITPOINT WARNING * * *
The lindwurm claws you but does no damage. x2
You are no longer berserk.
You feel yourself slow down. The lindwurm bites you.
* * * LOW HITPOINT WARNING * * *
The lindwurm claws you but does no damage. x2
The cane toad is no longer petrified.
The cane toad stings you.
* * * LOW HITPOINT WARNING * * *
The lindwurm bites you but does no damage.
The lindwurm claws you.
The lindwurm claws you but does no damage.
The blink frog blinks!
The cane toad stings you.
* * * LOW HITPOINT WARNING * * *
The lindwurm bites you!
* * * LOW HITPOINT WARNING * * *
The lindwurm claws you but does no damage. x2
The blink frog blinks!
The cane toad stings you but does no damage.
The blink frog hits you.
The blink frog blinks!
The lindwurm bites you but does no damage.
The lindwurm claws you but does no damage. x2
The cane toad stings you but does no damage.
The cane toad stings you but does no damage.
The lindwurm bites you!
* * * LOW HITPOINT WARNING * * *
The lindwurm claws you.
* * * LOW HITPOINT WARNING * * *
The lindwurm claws you but does no damage.
The cane toad stings you!
You die...

..(PP..## ##......
....P(...# ####......###
..((.....###....8......#
.........P.........8...
....(..PP.P.....8......
#....PPPP.........†8.
#.....P..P..8........ ≈≈.
##..kF.........†.....
.≈..##...@YY.......##.P##.
.P..#....##Y††....########
.#.......##.......#
#........##.......#
.....F....§......##
...........YY.....#
#.P....†..........♣
##................♣
#...............♣#


You could see 3 elephants, a lindwurm, a cane toad and a blink frog.

Vanquished Creatures
  9 hydras
  A catoblepas (Lair:6)
  2 two-headed ogres
  Pikel (D:7)
  8 elephants
  An ice statue (IceCv)
  10 black mambas
  6 cane toads
  Psyche (D:8)
  7 komodo dragons
  3 rime drakes (Lair:4)
  9 freezing wraiths (IceCv)
  A troll (D:9)
  2 hornets (D:8)
  2 polar bears
  20 blink frogs
  A snapping turtle (Lair:4)
  Sigmund (D:2)
  A vampire (D:11)
  29 yaks
  4 death yak simulacra (IceCv)
  3 basilisks (Lair:5)
  4 wyverns
  Edmund (D:5)
  A soldier ant (D:5)
  17 water moccasins
  4 orc warriors
  8 ice beasts
  A black bear (D:7)
  A sky beast (D:6)
  A necrophage (D:12)
  5 ogres
  13 wolves
  5 centaurs
  2 phantoms (D:5)
  3 kobold brigands
  4 lemures (D:7)
  Blork the orc (D:6)
  A wyvern zombie (D:11)
  15 bullfrogs
  A wyvern skeleton (D:7)
  14 killer bees
  3 wights (D:7)
  A howler monkey (D:8)
  3 bullfrog zombies
  3 centaur zombies
  2 quasits (D:10)
  2 draconian simulacra (IceCv)
  7 hounds
  A jelly (D:7)
  7 orc priests
  2 gnoll shamans
  A bullfrog skeleton (D:4)
  A centaur skeleton (D:7)
  3 iguanas
  Crazy Yiuf (D:2)
  13 orc wizards
  8 worker ants
  A spriggan simulacrum (IceCv)
  5 troll simulacra (IceCv)
  A killer bee zombie (D:9)
  2 centaur simulacra (IceCv)
  A hound skeleton (D:10)
  2 howler monkey zombies
  2 worker ant zombies
  9 gnolls
  2 howler monkey skeletons
  27 adders
  4 naga simulacra (IceCv)
  An ogre simulacrum (IceCv)
  6 shadow imps
  14 white imps
  An ufetubus (D:5)
  An ooze (D:6)
  2 adder skeletons (D:4)
  4 adder zombies
  3 worms
  5 dart slugs
  6 leopard geckos
  44 orcs
  5 ball pythons
  6 giant cockroaches
  3 goblins
  5 hobgoblins
  8 jackals
  24 kobolds
  7 quokkas
  A ball python zombie (D:4)
  4 bats
  6 frilled lizards
  A jackal zombie (D:4)
  A leopard gecko zombie (D:4)
  7 rats
503 creatures vanquished.

Vanquished Creatures (collateral kills)
  A hydra (Lair:5)
  A boulder beetle (Lair:5)
  A catoblepas (Lair:6)
  A necromancer (IceCv)
  An elephant (Lair:6)
  A black mamba (Lair:6)
  A cane toad (Lair:6)
  A freezing wraith (IceCv)
  3 yaks (Lair:4)
  A basilisk (Lair:5)
  6 soldier ants (D:5)
  2 water moccasins (D:5)
  5 worker ants (D:5)
  2 troll simulacra (IceCv)
  A centaur simulacrum (IceCv)
  2 naga simulacra (IceCv)
  An adder (D:5)
31 creatures vanquished.

Vanquished Creatures (others)
  2 orc wizards
  16 fungi
  15 plants
  2 withered plants (D:4)
35 creatures vanquished.

Grand Total: 569 creatures vanquished

Notes
Turn   | Place    | Note
-------+----------+-------------------------------------------
     0 | D:1      | robertstho the Minotaur Berserker began the quest for the
                  | Orb.
     0 | D:1      | Reached XP level 1. HP: 19/19 MP: 0/0
   342 | D:1      | Reached XP level 2. HP: 21/27 MP: 1/1
  1421 | D:2      | Reached XP level 3. HP: 31/34 MP: 2/2
  1461 | D:2      | Reached skill level 4 in Axes
  1541 | D:2      | Reached ** piety under Trog
  1730 | D:2      | Noticed Sigmund
  1742 | D:2      | Killed Sigmund
  1743 | D:2      | Reached skill level 5 in Fighting
  1743 | D:2      | Reached XP level 4. HP: 18/42 MP: 3/3
  1743 | D:2      | Reached XP level 5. HP: 21/48 MP: 4/4
  2032 | D:2      | Reached skill level 5 in Axes
  2465 | D:2      | Found a runed translucent door.
  2466 | D:2      | Noticed Crazy Yiuf
  2472 | D:2      | Killed Crazy Yiuf
  2568 | D:3      | Reached skill level 1 in Stealth
  2638 | D:3      | Reached XP level 6. HP: 52/57 MP: 5/5
  3216 | D:3      | You fall into a shaft and drop 2 floors!
  3216 | D:5      | Entered Level 5 of the Dungeon
  3369 | D:5      | Reached XP level 7. HP: 50/63 MP: 6/6
  3501 | D:5      | Found a runed translucent gate.
  3503 | D:5      | Found the +9 staff of Olgreb {rPois∞}
  3507 | D:5      | Found a runed translucent door.
  3534 | D:5      | Noticed Edmund
  3552 | D:5      | Killed Edmund
  3553 | D:5      | Reached skill level 6 in Axes
  3997 | D:5      | Reached *** piety under Trog
  4200 | D:5      | Identified the +1 buckler of Prudence {Str+3}
  4246 | D:5      | Found a runed translucent gate.
  4250 | D:5      | Found a runed translucent gate.
  4620 | D:5      | Found a runed translucent door.
  4759 | D:4      | Reached skill level 5 in Armour
  4915 | D:4      | Reached skill level 1 in Shields
  4915 | D:4      | Reached XP level 8. HP: 73/73 MP: 7/7
  4938 | D:4      | Reached skill level 7 in Axes
  5123 | D:4      | Reached **** piety under Trog
  6046 | D:3      | Found a shadowy altar of Dithmenos.
  6631 | D:5      | Reached skill level 8 in Axes
  6646 | D:5      | Reached XP level 9. HP: 63/81 MP: 8/8
  6675 | D:5      | Reached skill level 9 in Axes
  7072 | D:6      | Noticed Blork the orc
  7082 | D:6      | Killed Blork the orc
  7642 | D:6      | Reached ***** piety under Trog
  7679 | D:6      | Identified Rota's Compendium of Igneous Enchantment
  8332 | D:7      | Found a staircase to the Ecumenical Temple.
  8382 | D:7      | Noticed Pikel
  8401 | D:7      | Killed Pikel
  8402 | D:7      | Reached skill level 10 in Axes
  8402 | D:7      | Reached skill level 10 in Armour
  8402 | D:7      | Reached XP level 10. HP: 91/91 MP: 9/9
  8901 | D:8      | Noticed Psyche
  8911 | D:8      | Killed Psyche
  8912 | D:8      | Reached skill level 10 in Fighting
  9501 | D:9      | Reached skill level 11 in Axes
  9541 | D:9      | Identified the +0 pair of gloves of Evolution {rPois Str+3}
  9727 | D:9      | Found a staircase to the Lair.
  9970 | D:9      | Received a gift from Trog
 10228 | D:10     | Entered Level 10 of the Dungeon
 10797 | D:11     | Reached XP level 11. HP: 101/101 MP: 10/10
 10807 | D:11     | Reached skill level 12 in Axes
 10812 | D:11     | Reached skill level 5 in Shields
 11188 | D:11     | Noticed a two-headed ogre
 11196 | D:11     | Killed a two-headed ogre
 11727 | D:11     | Noticed a seven-headed hydra
 11735 | D:11     | Killed a 12-headed hydra
 12133 | D:12     | Found a staircase to the Orcish Mines.
 12137 | D:12     | Noticed a two-headed ogre
 12142 | D:12     | Noticed a four-headed hydra
 12148 | D:12     | Killed a two-headed ogre
 12529 | Lair:1   | Entered Level 1 of the Lair of Beasts
 12620 | Lair:1   | Reached ****** piety under Trog
 12621 | Lair:1   | Reached skill level 13 in Axes
 12622 | Lair:1   | Received a gift from Trog
 12871 | Lair:1   | Noticed a four-headed hydra
 12879 | Lair:1   | Killed a four-headed hydra
 12966 | Lair:1   | Reached skill level 1 in Maces & Flails
 13086 | Lair:1   | Reached XP level 12. HP: 112/112 MP: 11/11
 13723 | Lair:2   | Noticed an eight-headed hydra
 13732 | Lair:2   | Killed an eight-headed hydra
 13984 | Lair:2   | Noticed a five-headed hydra
 13998 | Lair:2   | Killed a five-headed hydra
 14857 | Lair:3   | Noticed an eight-headed hydra
 14864 | Lair:3   | Killed an eight-headed hydra
 14930 | Lair:3   | Reached skill level 14 in Axes
 14932 | Lair:3   | Noticed an eight-headed hydra
 14941 | Lair:3   | Killed an eight-headed hydra
 15478 | Lair:3   | Found a staircase to the Snake Pit.
 15739 | Lair:3   | Received a gift from Trog
 16376 | Lair:4   | Found a frozen archway.
 16387 | IceCv    | Entered an ice cave
 16718 | IceCv    | Reached XP level 13. HP: 122/122 MP: 12/12
 16789 | IceCv    | Reached skill level 15 in Axes
 17376 | IceCv    | Found an ancient bone altar of Kikubaaqudgha.
 18972 | Lair:4   | Found a staircase to the Shoals.
 19282 | Lair:4   | Received a gift from Trog
 19347 | Lair:4   | Found the +8 whip "Snakebite" {curare, rPois}
 19671 | Lair:5   | Reached skill level 16 in Axes
 19899 | Lair:5   | Reached skill level 5 in Maces & Flails
 20116 | Lair:5   | You fall into a shaft and drop 1 floor!
 20116 | Lair:6   | Entered Level 6 of the Lair of Beasts
 20279 | Lair:6   | Reached skill level 15 in Armour
 20335 | Lair:6   | HP: 6/125 [lindwurm (5)]
 20336 | Lair:6   | Slain by a cane toad

Illustrated notes

Levels and vault maps discovered:
D:1:      dpeg_arrival_snail, layout_basic, patterned_corridor
D:2:      layout_loops_cross, kennysheep_generic_room_9, uniq_sigmund,
          uniq_crazy_yiuf_cottage
D:3:      layout_basic, nicolae_dithmenos_through_a_glass_darkly,
          grunt_decor_resistance
D:4:      layout_loops_corners, serial_undead, serial_undead_e, serial_undead_c,
          serial_undead_f, serial_undead_c
D:5:      layout_basic, chequers_serial_rivers_marsh,
          minmay_guarded_unrand_staff_of_olgreb, uniq_edmund
D:6:      minmay_inner_zag, layout_basic, st_stairs_13, uniq_blork_the_orc
D:7:      layout_cave_pools, minmay_temple_entry_glass, serial_column_ruins,
          column_ruins_hut, column_ruins_hut_water,
          column_ruins_columns_straight, column_ruins_grid_1,
          column_ruins_grid_1, minmay_manual_mess, uniq_pikel
D:8:      layout_cave_pools, uniq_psyche
D:9:      layout_irregular_city, dpeg_oklobed_lair
D:10:     layout_roguey
D:11:     layout_stronghold
D:12:     layout_cross, orc_0_dummy, uniq_sonja
Lair:1:   layout_hall_layers, grunt_forest_small_clearings
Lair:2:   layout_chaotic_city, serial_bayou_shore_a
Lair:3:   layout_cave_pods, minmay_snake_entry_six_corridors,
          serial_bayou_shore_b
Lair:4:   minmay_guarded_unrand_snakebite, layout_cave_pods,
          minmay_shoals_entry_hut, portal_ice_cave_rime, serial_bayou_shore_b,
          grunt_megastairs_3
Lair:5:   layout_misc_corridors, kennysheep_basilisk_garden
Lair:6:   evilmike_catoblepas_cave, layout_hall_layers,
          dpeg_slime_entry_enclosed_altar, chequers_serial_rivers_large_a,
          grunt_megastairs_1, lemuel_fruit_tree

Skill      XL: |  1  2  3  4  5  6  7  8  9 10 11 12 13 |
---------------+----------------------------------------+-----
Fighting       | 4 5 6 7 9 10 12 13 14 | 14.6
Axes           | 4 5 6 8 10 11 13 14 16 | 16.4
Armour         | 3 4 5 8 10 11 12 13 15 | 15.1
Stealth        | 1 2 |  2.1
Dodging        | 4 |  4.9
Shields        | 1 2 3 4 6 |  6.8
Maces & Flails | 1 4 5 |  5.2

Action                   |  1- 3 |  4- 6 |  7- 9 | 10-12 | 13-15 || total
-------------------------+-------+-------+-------+-------+-------++-------
Melee: Hand axe          |    86 |    80 |   142 |       |       ||   308
       Headbutt          |     9 |    12 |    80 |   109 |    52 ||   262
       War axe           |       |       |   223 |    30 |       ||   253
       Broad axe         |       |       |       |   286 |       ||   286
       Executioner's axe |       |       |       |   154 |   224 ||   378
       Dire flail        |       |       |       |    31 |     1 ||    32
       Whip              |       |       |       |       |    19 ||    19
Invok: Berserk           |     3 |     3 |     6 |     4 |     5 ||    21
       Brothers in Arms  |       |       |     1 |       |     5 ||     6
       Trog's Hand       |       |       |       |       |     1 ||     1
  Use: Scroll            |       |     1 |     4 |    20 |     3 ||    28
       Potion            |       |       |       |     1 |       ||     1
 Stab: Sleeping          |       |     2 |     1 |       |       ||     3
       Petrifying        |       |       |       |       |     1 ||     1
       Petrified         |       |       |       |       |     1 ||     1
Armor: Animal skin       |    16 |    10 |     2 |       |       ||    28
       Plate armour      |       |       |   162 |   282 |   252 ||   696
       Scale mail        |       |       |     4 |       |       ||     4
Dodge: Dodged            |    62 |    26 |   155 |   350 |   242 ||   835
Block: Buckler           |       |     5 |    68 |   191 |       ||   264
       Reflection        |       |       |       |     6 |       ||     6
       Other             |       |       |       |    57 |    67 ||   124

Table legend: (Time is in decaauts)
 A = Elapsed time spent in this place.
 B = Non-inter-level travel time spent in this place.
 C = Inter-level travel time spent in this place.
 D = Time resting spent in this place.
 E = Time spent auto-exploring this place.
 F = Levels seen in this place.
 G = Mean time per level.
                   A        B        C        D        E       F      G
               +--------+--------+--------+--------+--------+-----+--------+
         Total |  20720 |  19774 |    946 |   2678 |  14286 |  19 | 1090.5 |
       Dungeon |  12735 |  12127 |    608 |   1512 |   8862 |  12 | 1061.2 |
          Lair |   6529 |   6191 |    338 |    350 |   5043 |   6 | 1088.2 |
      Ice Cave |   1455 |   1455 |      0 |    815 |    381 |   1 | 1455.0 |
               +--------+--------+--------+--------+--------+-----+--------+

Top non-repeatable levels by time:
     D:5: 1955 daAuts
    D:11: 1886 daAuts
  Lair:4: 1763 daAuts
  Lair:3: 1762 daAuts
     D:2: 1613 daAuts
   IceCv: 1455 daAuts
     D:1: 1427 daAuts
  Lair:2: 1192 daAuts
     D:4: 1142 daAuts
  Lair:1: 1113 daAuts
     D:6: 1091 daAuts
     D:3: 904 daAuts
     D:8: 892 daAuts
     D:9: 758 daAuts
     D:7: 629 daAuts
